 Dungeon Crawl Stone Soup version 0.30-a0-4-ga7cffc901d (webtiles) character file.

Game seed: 10384881857547756204

44 Setbun the Sneak (level 3, -2/21 HPs)
             Began as a Kobold Brigand on Aug 21, 2022.
             Slain by Natasha (8 damage)
             ... on level 2 of the Dungeon.
             The game lasted 00:00:48 (1668 turns).

Setbun the Sneak (Kobold Brigand)                   Turns: 1668, Time: 00:00:49

Health: -2/21      AC:  4    Str:  8    XL:     3   Next: 87%
Magic:  3/3        EV: 14    Int: 12    God:
Gold:   92         SH:  0    Dex: 18    Spells: 2/2 levels left

rFire   . . .      SeeInvis .    a - +2 dagger
rCold   . . .      Faith    .    (no shield)
rNeg    . . .      Spirit   .    b - +0 robe
rPois   .          Reflect  .    q - +0 helmet
rElec   .          Harm     .    c - +0 cloak
rCorr   .          Rampage  .    (no gloves)
Will    .....                    (no boots)
Stlth   ++++......               (no amulet)
HPRegen 0.07/turn                (no ring)
MPRegen 0.08/turn                (no ring)

@: flying, slowed, very slow
A: small, no large weapons, nightstalker 3
a: no special abilities


You were on level 2 of the Dungeon.
You visited 1 branch of the dungeon, and saw 2 of its levels.

You collected 92 gold pieces.

Inventory:

Hand Weapons
 a - a +2 dagger (weapon)
Missiles
 d - 9 poisoned darts (quivered)
 e - 9 curare-tipped darts
Armour
 b - a +0 robe (worn)
 c - a +0 cloak (worn)
 q - a +0 helmet (worn)
Jewellery
 p - an amulet of magic regeneration
Scrolls
 f - a scroll of immolation {unknown}
 g - a scroll of brand weapon {unknown}
 i - a scroll of magic mapping {unknown}
 j - a scroll of teleportation {unknown}
 k - 3 scrolls of identify {unknown}
 l - a scroll of noise {unknown}
Potions
 m - a potion of curing {unknown}
 n - a potion of lignification {unknown}
 o - a potion of ambrosia {unknown}
 r - a potion of might {unknown}


   Skills:
 - Level 2.1 Fighting
 + Level 5.2 Short Blades
 - Level 2.1 Throwing
 - Level 1.2 Dodging
 - Level 5.3 Stealth


You had 2 spell levels left.
You didn't know any spells.
Your spell library was empty.

Dungeon Overview and Level Annotations

Branches:
Dungeon (2/15)

Altars:

Annotations:
D:2 Natasha


Innate Abilities, Weirdness & Mutations

You are small and have problems with some larger weapons.
You are completely attuned to the shadows.


Message History

No target in view!
No target in view!
No target in view!
No target in view!
No target in view!
No target in view!
No target in view!
No target in view!
No target in view!
No target in view!
No target in view!
You see here the felid corpse of Natasha.
You now have 80 gold pieces (gained 11).
You now have 92 gold pieces (gained 12).
There is an open door here.
Key pressed, stopping explore.
There is an open door here.
Natasha, Servant of Life and Death comes into view.
Natasha moves out of view.
Natasha hisses angrily.
Natasha is nearby!
Natasha is nearby!
Natasha is nearby!
Natasha casts a spell at you.
You feel yourself slow down. Natasha claws you. Natasha claws you!
You are too injured to fight recklessly!
You are too injured to fight recklessly!
You hit Natasha but do no damage. Natasha claws you.
* * * LOW HITPOINT WARNING * * *
You hit Natasha but do no damage.
Natasha stares at you and mumbles some strange words.
You feel as though you will be slow longer.
It was a potion of flight.
You feel very buoyant.
You fly up into the air.
Natasha mewls in sadness.
Natasha casts a spell.
Natasha claws you!
You die...

#......# ##.###.# ###
########## #.# #.# #.#
#......... #.# #.# ###.#
#.######## #.###.###...#
###.## #
#.#.#.#..>..#####....# #
#.#.#.....#.#........# #
#.#..######.#.###....#### #
#.#...#....@h.5.#.......# #
#.#...#.#...#.#.#....##.# #
##.#...#.#####...##+####.##
#......#.# #...##.......#
#......#'## ....##......#
###......)..### #......###
#.............# #.........
###########...#.#
###.........
..........#...#.#
#....###....


You could see Natasha and a crimson imp (summoned).

Vanquished Creatures
  Natasha (D:2)
  A dart slug (D:2)
  3 ball pythons
  2 endoplasms (D:2)
  A giant cockroach (D:2)
  2 hobgoblins (D:2)
  2 kobolds
  A quokka (D:1)
  2 frilled lizards
  2 rats
17 creatures vanquished.

Notes
Turn   | Place    | Note
-------+----------+-------------------------------------------
     0 | D:1      | Setbun the Kobold Brigand began the quest for the Orb.
     0 | D:1      | Reached XP level 1. HP: 12/12 MP: 1/1
   739 | D:1      | Reached XP level 2. HP: 17/17 MP: 2/2
  1272 | D:2      | Reached XP level 3. HP: 13/21 MP: 3/3
  1432 | D:2      | Noticed Natasha
  1436 | D:2      | Killed Natasha
  1437 | D:2      | Reached skill level 5 in Short Blades
  1661 | D:2      | Noticed Natasha
  1668 | D:2      | Slain by Natasha

Illustrated notes

Levels and vault maps discovered:
D:1:      minmay_arrival_shattered_statue, layout_basic, minmay_statues_item,
          dk_noncrumbling_4, minivault_11
D:2:      layout_basic, uniq_natasha

Skill      XL: |  1  2  3 |
---------------+----------+-----
Short Blades   | 3 4 5 |  5.2
Fighting       | |  2.1
Throwing       | |  2.1
Dodging        | |  1.2
Stealth        | |  5.3

Action                   || total
-------------------------++-------
Melee: Dagger            ||    37
  Use: Potion            ||     1
 Stab: Sleeping          ||    10
Armor: Robe              ||     3
Dodge: Dodged            ||    16

Table legend: (Time is in decaauts)
 A = Elapsed time spent in this place.
 B = Non-inter-level travel time spent in this place.
 C = Inter-level travel time spent in this place.
 D = Time resting spent in this place.
 E = Time spent auto-exploring this place.
 F = Levels seen in this place.
 G = Mean time per level.
                   A        B        C        D        E       F      G
               +--------+--------+--------+--------+--------+-----+--------+
         Total |   1662 |   1657 |      5 |      0 |   1516 |   2 |  831.0 |
       Dungeon |   1662 |   1657 |      5 |      0 |   1516 |   2 |  831.0 |
               +--------+--------+--------+--------+--------+-----+--------+

Top non-repeatable levels by time:
     D:2: 876 daAuts
     D:1: 786 daAuts
